 Dungeon Crawl Stone Soup version 0.27.1-37-g7b29ead8ac (webtiles) character file.

Game seed: 3577302913162236692

1937491 AarnesTheHuman the Conqueror (level 27, 224/224 HPs)
             Began as a Formicid Fighter on June 14, 2023.
             Was the Champion of Zin.
             Escaped with the Orb
             ... and 4 runes on June 27, 2023!
             The game lasted 04:32:22 (105305 turns).

AarnesTheHuman the Conqueror (Formicid Fighter)   Turns: 105305, Time: 04:32:22

Health: 224/224    AC: 42    Str: 37    XL:     27
Magic:  36/36      EV: 12    Int: 12    God:    Zin [******]
Gold:   308        SH: 28    Dex: 10    Spells: 35/38 levels left

rFire    + + .     SeeInvis +   a - +11 great sword "Vaofiu" {freeze, rC+}
rCold    + + +     Faith    .   y - +0 tower shield
rNeg     + . .     Spirit   .   W - +10 gold dragon scales
rPois    +         Reflect  +   (helmet unavailable)
rElec    +         Harm     .   v - scarf {rC+ rF+}
rCorr    .         Rampage  .   S - +2 pair of gloves {Stlth+}
Will     +++..                  l - +2 pair of boots
Stlth    ..........             R - amulet of Zyfel {Reflect *Slow Str+7 SH+5 SInv}
HPRegen  0.47/turn              j - ring of Wuotsyis {rElec rN+ Slay+4}
MPRegen  0.25/turn              C - ring of willpower

@: no status effects
A: permanent stasis, dig shafts and tunnels, antennae 3, four strong arms, frail
1, low mp 1
0: Orb of Zot
}: 4/15 runes: decaying, serpentine, silver, abyssal
a: Dig, Shaft Self, Renounce Religion, Recite, Vitalisation, Imprison,
Sanctuary, Donate Gold


You escaped.
You worshipped Zin.
Zin was exalted by your worship.
You visited 10 branches of the dungeon, and saw 50 of its levels.
You visited the Abyss 1 time.
You also visited: Trove, Sewer, Bailey, Ice Cave, Volcano and Wizlab.

You collected 7497 gold pieces.
You spent 4533 gold pieces at shops.
You donated 2656 gold pieces to Zin.

Inventory:

Hand Weapons
 a - the +11 great sword "Vaofiu" (weapon) {freeze, rC+}
   (You acquired it on level 2 of the Elven Halls)

   It freezes those it strikes, dealing additional cold damage.
   It can also slow down cold-blooded creatures.
   rC:        It protects you from cold.
 b - the +8 arbalest of the Sky {flame, Fly rPois rN+ Str+3}
   (You bought it in a shop on level 15 of the Dungeon)

   Any ammunition fired from it burns those it strikes, dealing additional fire
   damage.
   Str:       It affects your strength (+3).
   rPois:     It protects you from poison.
   rN:        It protects you from negative energy.
   Fly:       It grants you flight.
 h - a +2 great sword of flaming
 t - a +7 double sword of holy wrath
 N - the +8 autumn katana {vorpal, Clar}
   (You acquired it on level 4 of the Dungeon)

   It inflicts extra damage upon your enemies.
   Clar:      It protects you against confusion.
Missiles
 e - 6 throwing nets (quivered)
 n - 596 bolts
Armour
 l - a +2 pair of boots (worn)
 v - a scarf of resistance (worn)
 y - a +0 tower shield (worn)
 S - a +2 pair of gloves of stealth (worn)
 W - +10 gold dragon scales (worn)
Jewellery
 c - the ring "Reifo" {Ice *Slow rCorr Slay+3}
   (You took it off a deep elf high priest on level 3 of the Elven Halls)

   [ring of ice]

   It enhances your ice magic.
   Slay:      It affects your accuracy & damage with ranged weapons and melee
   (+3).
   rF:        It makes you vulnerable to fire.
   rC:        It protects you from cold.
   rCorr:     It protects you from acid and corrosion.
   *Slow:     It may slow you when you take damage.
 j - the ring of Wuotsyis (left hand) {rElec rN+ Slay+4}
   (You found it on level 11 of the Dungeon)

   [ring of slaying]

   Slay:      It affects your accuracy & damage with ranged weapons and melee
   (+4).
   rElec:     It insulates you from electricity.
   rN:        It protects you from negative energy.
 x - the ring "Imociacw" {rElec rF++ Str-5 Int+6}
   (You took it off a deep elf pyromancer on level 3 of the Elven Halls)

   [ring of intelligence]

   Str:       It affects your strength (-5).
   Int:       It affects your intelligence (+6).
   rF:        It greatly protects you from fire.
   rElec:     It insulates you from electricity.
 C - a ring of willpower (right hand)
 D - a ring of positive energy
 E - the ring of Dolopur {rF+ rC- Int+3 SInv}
   (You took it off a tengu warrior on level 3 of the Depths)

   [ring of see invisible]

   Int:       It affects your intelligence (+3).
   rF:        It protects you from fire.
   rC:        It makes you vulnerable to cold.
   SInv:      It lets you see invisible.
 H - the ring "Bucwae Zufe" {Fly rPois rN+ Slay-2 Stlth+}
   (You found it in a treasure trove)

   [ring of flight]

   Slay:      It affects your accuracy & damage with ranged weapons and melee
   (-2).
   rPois:     It protects you from poison.
   rN:        It protects you from negative energy.
   Fly:       It grants you flight.
   Stlth:     It makes you more stealthy.
 J - the ring "Uhiwailas" {rC+ SInv Stlth+}
   (You found it in a bailey)

   [ring of see invisible]

   rC:        It protects you from cold.
   SInv:      It lets you see invisible.
   Stlth:     It makes you more stealthy.
 Q - the ring "Cyneas" {Wiz Int+4 Dex+2}
   (You found it in a treasure trove)

   [ring of wizardry]

   It improves your spell success rate.
   Int:       It affects your intelligence (+4).
   Dex:       It affects your dexterity (+2).
 R - the amulet of Zyfel (around neck) {Reflect *Slow Str+7 SH+5 SInv}
   (You found it in a treasure trove)

   [amulet of reflection]

   It reflects blocked missile attacks.
   Str:       It affects your strength (+7).
   SInv:      It lets you see invisible.
   *Slow:     It may slow you when you take damage.
   SH:        It affects your SH (+5).
Wands
 i - a wand of acid (10)
 p - a wand of charming (7)
 s - a wand of digging (18)
 w - a wand of flame (75)
 P - a wand of iceblast (95)
 V - a wand of mindburst (27)
 Z - a wand of paralysis (43)
Scrolls
 f - 4 scrolls of summoning
 k - 4 scrolls of fog
 q - a scroll of enchant weapon
 u - a scroll of holy word
 F - 3 scrolls of fear
 I - 4 scrolls of silence
 K - 3 scrolls of vulnerability
 L - 6 scrolls of magic mapping
Potions
 d - 8 potions of might
 g - 5 potions of cancellation
 m - 5 potions of brilliance
 o - 9 potions of heal wounds
 r - 7 potions of attraction
 z - 6 potions of magic
 A - 10 potions of curing
 B - 3 potions of invisibility
 T - 6 potions of ambrosia
 U - 4 potions of mutation
Miscellaneous
 O - a phantom mirror
 X - a tin of tremorstones (2/2)


   Skills:
 O Level 27 Fighting
 - Level 20.0 Long Blades
 - Level 2.9 Polearms
 - Level 18.0 Crossbows
 + Level 22.1 Armour
 + Level 13.8 Dodging
 - Level 15.0 Shields
 - Level 6.0 Spellcasting
 - Level 10.0 Ice Magic
 O Level 27 Invocations
 - Level 3.0 Evocations


You had 35 spell levels left.
You knew the following spells:

 Your Spells              Type           Power      Damage    Failure   Level
a - Frozen Ramparts       Ice            54%        1d7       4%          3

Your spell library contained the following spells:

 Spells                   Type           Power      Damage    Failure   Level
 Freeze                   Ice            100%       1d11      1%          1
 Ozocubu's Armour         Ice            27%        N/A       4%          3
 Ensorcelled Hibernation  Hex/Ice        30%        N/A       21%         2
 Apportation              Tloc           6%         N/A       71%         1
 Corona                   Hex            3%         N/A       71%         1
 Foxfire                  Conj/Fire      12%        2x1d4     71%         1
 Magic Dart               Conj           12%        1d3       71%         1
 Sandblast                Erth           6%         2d5       71%         1
 Shock                    Conj/Air       12%        1d3       71%         1
 Summon Small Mammal      Summ           12%        N/A       71%         1
 Hailstorm                Conj/Ice       15%        3d5       78%         4
 Ice Form                 Ice/Tmut       15%        N/A       78%         4
 Corpse Rot               Necr/Air       N/A        N/A       83%         2
 Passwall                 Tmut/Erth      2%         N/A       83%         2
 Poisonous Vapours        Pois/Air       6%         N/A       83%         2
 Searing Ray              Conj           6%         3d3       83%         2
 Slow                     Hex            3%         N/A       83%         2
 Static Discharge         Conj/Air       3%         N/A       83%         2
 Call Canine Familiar     Summ           3%         N/A       97%         3
 Confusing Touch          Hex            3%         N/A       97%         3
 Dazzling Flash           Conj/Hex       6%         N/A       97%         3
 Gell's Gravitas          Tloc           1%         N/A       97%         3
 Inner Flame              Hex/Fire       3%         N/A       97%         3
 Lesser Beckoning         Tloc           1%         N/A       97%         3
 Portal Projectile        Hex/Tloc       6%         N/A       97%         3
 Stone Arrow              Conj/Erth      6%         3d7       97%         3
 Summon Guardian Golem    Hex/Summ       3%         N/A       97%         3
 Teleport Other           Tloc           3%         N/A       97%         3
 Tukima's Dance           Hex            3%         N/A       97%         3
 Metabolic Englaciation   Hex/Ice        7%         N/A       98%         5
 Airstrike                Air            1%         N/A       100%        4
 Animate Armour           Summ/Erth      6%         N/A       100%        4
 Cause Fear               Hex            1%         N/A       100%        4
 Dispel Undead            Necr           3%         3d7       100%        4
 Fulminant Prism          Conj/Hex       1%         3d6       100%        4
 Iskenderun's Mystic Bla  Conj/Tloc      3%         2d3       100%        4
 Leda's Liquefaction      Hex/Erth       1%         N/A       100%        4
 Olgreb's Toxic Radiance  Pois           3%         N/A       100%        4
 Sticky Flame             Conj/Fire      3%         2d3       100%        4
 Summon Lightning Spire   Summ/Air       3%         N/A       100%        4
 Agony                    Necr           3%         N/A       100%        5
 Alistair's Intoxication  Tmut/Pois      2%         N/A       100%        5
 Blade Hands              Tmut           1%         N/A       100%        5
 Bolt of Magma            Conj/Fire/Erth 1%         4d4       100%        5
 Excruciating Wounds      Necr           1%         N/A       100%        5
 Freezing Cloud           Conj/Ice/Air   5%         6-21      100%        5
 Lee's Rapid Deconstruct  Erth           1%         3d5*      100%        5
 Lightning Bolt           Conj/Air       1%         1d12      100%        5
 Manifold Assault         Tloc           3%         N/A       100%        5
 Silence                  Hex/Air        1%         N/A       100%        5
 Summon Forest            Summ/Tloc      1%         N/A       100%        5
 Summon Mana Viper        Hex/Summ       3%         N/A       100%        5
 Yara's Violent Unravell  Hex/Tmut       1%         3d3       100%        5
 Invisibility             Hex            1%         N/A       100%        6
 Shadow Creatures         Summ           N/A        N/A       100%        6
 Simulacrum               Ice/Necr       7%         N/A       100%        6
 Starburst                Conj/Fire      1%         6d3       100%        6
 Ozocubu's Refrigeration  Ice            13%        4d7       100%        7
 Discord                  Hex            1%         N/A       100%        8
 Ignition                 Fire           1%         3d3       100%        8
 Lehudib's Crystal Spear  Conj/Erth      1%         10d2      100%        8
 Fire Storm               Conj/Fire      1%         8d1       100%        9
 Shatter                  Erth           1%         3d6*      100%        9
 Blink                    Tloc           Unusable   N/A       N/A         2
 Swiftness                Air            Unusable   N/A       N/A         3

Dungeon Overview and Level Annotations

Branches:
Dungeon (15/15)            Temple (1/1) D:5            Lair (6/6) D:9
  Swamp (4/4) Lair:3        Snake (4/4) Lair:2        Slime (0/5) Lair:6
    Orc (2/2) D:10            Elf (3/3) Orc:2        Vaults (5/5) D:13
  Crypt (0/3) Vaults:2     Depths (5/5) D:15            Zot (5/5) Depths:5
  Sewer (visited)          Bailey (visited)           IceCv (visited)
Volcano (visited)          WizLab (visited)

Altars:
Ashenzari
Cheibriados
Dithmenos
Elyvilon
Fedhas
Gozag
Hepliaklqana
Kikubaaqudgha
Makhleb
Nemelex Xobeh
Okawaru
Qazlal
Ru
Sif Muna
Trog
Uskayaw
Vehumet
Wu Jian
Xom
Yredelemnul
Zin
The Shining One
Lugonu

Shops:
D:3 ?   D:13 *   D:15 *   Orc:2 *==   Elf:1 :   Elf:2 *   Elf:3 :   Snake:1 :=:
Snake:2 =   Vaults:1 :   Vaults:4 *   Vaults:5 [   Zot:4 **   Depths:5 :

Portals:
Hell: Depths:1 Depths:2 Depths:3 Depths:4 Depths:5
Abyss: Depths:1 Depths:4
Pandemonium: Depths:1 Depths:3
Ziggurat: Depths:5

Annotations:
Swamp:1 exclusion: downstairs
Swamp:2 exclusion: downstairs
Snake:1 exclusion: downstairs
Snake:2 exclusion: downstairs
Snake:3 exclusion: downstairs
Elf:1 exclusion: downstairs
Vaults:1 exclusion: downstairs
Vaults:2 exclusion: downstairs
Vaults:4 exclusion: 2 downstairs
Zot:2 2 transporters, exclusion: 3 downstairs, Afrirr's ghost, legendary DsFi
Zot:3 exclusion: downstairs
Zot:4 3 runed translucent doors, exclusions: downstairs and obsidian statue, Efficiency's ghost, adept DDDe


Innate Abilities, Weirdness & Mutations

You cannot be hasted, slowed, berserked, paralysed or teleported.
You can dig through walls and to a lower floor.
You have a pair of large antennae on your head. (SInv)
Your four strong arms can wield two-handed weapons with a shield.
You are frail. (-10% HP)
Your magical capacity is low. (-10% MP)


Message History

(P) Snake Pit (M) Slime Pits (O) Orcish Mines (E) Elven Halls (V) Vaults (C) Crypt (U) Depths (H) Hell (Z) Zot
Where to? (Enter - D:1, ? - help) You're already here!
Unknown command.
Unknown command.
You sense a monster nearby.
A Tzitzimitl comes into view.
You clear your throat and prepare to recite. "For those who would enter Zin's holy bosom..." "...and live in faithfulness, Zin provideth.
Such is..."
The Tzitzimitl stumbles about in disarray. "...the covenant, and such is the way of things."
You finish reciting Ablutions 22:8.
You slice the Tzitzimitl!!
The Tzitzimitl is moderately wounded.
You slice the Tzitzimitl like a ripe choko!!!
You freeze the Tzitzimitl.
You kill the Tzitzimitl!
Zin accepts your kill.
(D) Dungeon (T) Temple (L) Lair (S) Swamp (P) Snake Pit (M) Slime Pits (O) Orcish Mines (E) Elven Halls (V) Vaults (C) Crypt (U) Depths (H) Hell (Z) Zot
Where to? (Enter - D:1 @ (x,y), ? - help)
A shadow demon comes into view.
You block the shadow demon's attack.
There is an open gate here.
You slice the shadow demon!! You freeze the shadow demon.
The shadow demon is severely wounded.
You hit the shadow demon.
The shadow demon is severely wounded.
You block the shadow demon's attack.
You slice the shadow demon like a ripe choko!!!
You freeze the shadow demon.
You kill the shadow demon!
You are ready to recite again.
There is a staircase leading out of the dungeon here.
You have escaped!

#.........+......'.....# #.#
##.......###......####..###.##
#........# #......# #.........
#........#####.#### #...###.##
#..♣.♣....####..# #...###.#
#..._...........### #....##.#
##.♣.♣.+#.##'''##.# #....##.#
#......#.#.....#.###....##.#
##########.#.#..@..#.#....#.##.#
#..........#.#.....#.#....#.##.#
#.##########.#.....#......#..#.#
#.# #.##'''##......##.#.# #.#
#.........#.......#.## #.#
#############.###...... #.#
######..........##.#......## #.#
#....#.##...###.##.#.#....#
#'####....#.##.......##...#....#


There were no monsters in sight!

Vanquished Creatures
  3 dread liches
  5 orbs of fire (Zot:5)
  4 ancient liches (Zot:5)
  Mara (Vaults:4)
  2 juggernauts
  Sojobo (Vaults:5)
  Boris (Depths:3)
  3 Killer Klowns (Zot:5)
  Vashnia (Snake:2)
  Bai Suzhen (Vaults:4)
  2 caustic shrikes
  3 curse toes
  Saint Roka (Vaults:3)
  9 golden dragons
  2 bone dragons
  6 electric golems
  A Tzitzimitl (D:1)
  Jorgrun (Snake:3)
  26 tentacled monstrosities
  Rupert (Lair:4)
  2 liches
  27 Orb Guardians
  5 quicksilver dragons
  10 acid blobs (Zot:4)
  5 titans
  2 deep elf blademasters
  10 death cobs
  2 deep elf master archers (Elf:3)
  Gastronok (D:8)
  A kraken (Abyss:3)
  7 sphinxes
  A tentacled starspawn (WizLab)
  An eldritch tentacle (WizLab)
  2 thorn hunters (Swamp:3)
  12 draconian monks
  Agnes (D:15)
  10 tengu reavers
  Kirke (Snake:2)
  14 storm dragons
  9 shadow dragons
  15 fire giants
  2 nagarajas (Snake:4)
  16 draconian scorchers
  A fenstrider witch (Swamp:4)
  7 draconian knights
  4 ghost moths
  A balrug (Depths:2)
  13 frost giants
  13 deep elf sorcerers
  An iron dragon (Vaults:5)
  A cacodemon (D:15)
  Aizul (D:13)
  3 deep elf elementalists
  9 draconian shifters
  16 vault wardens
  7 draconian stormcallers
  A war gargoyle (Vaults:4)
  6 draconian annihilators
  A quicksilver ooze (shapeshifter) (Vaults:5)
  13 ironbound preservers
  54 very ugly things
  27 stone giants
  10 green draconians
  4 vampire knights
  7 deep elf demonologists
  14 red draconians
  2 dire elephants
  An entropy weaver (Vaults:3)
  25 black draconians
  20 purple draconians
  8 deep elf annihilators
  17 white draconians
  9 bunyips
  13 spark wasps
  30 yellow draconians
  17 ettins
  3 eleionomae
  Josephine (D:14)
  3 deep elf death magi
  5 jiangshi (Depths:3)
  8 fire dragons
  17 naga warriors
  3 salamander tyrants
  7 deep elf high priests
  15 ice dragons
  38 vault guards
  9 yaktaur captains
  A shambling mangrove (Abyss:3)
  9 great orbs of eyes
  6 ironbound thunderhulks
  A peacekeeper (Vaults:2)
  7 spriggan air magi
  13 hydras
  6 boulder beetles
  18 centaur warriors
  9 ironbound frosthearts
  A hell beast (Depths:2)
  5 rakshasas
  3 ghost crabs (Swamp:4)
  4 anacondas
  9 two-headed ogres
  A death knight (D:11)
  6 deep troll shamans
  2 ogre magi
  A two-headed ogre (shapeshifter) (Depths:4)
  11 tengu warriors
  10 alligators
  7 death yaks
  17 deep troll earth magi
  15 naga sharpshooters
  30 dancing weapons
  6 spriggan berserkers
  3 vampire magi
  5 orc high priests (Orc:2)
  3 thrashing horrors (WizLab)
  6 ironbound beastmasters
  Urug (Lair:2)
  2 shock serpents
  32 hell knights
  2 soul eaters
  Sonja (D:11)
  A shadow wraith (Vaults:5)
  21 deep elf knights
  A fire crab (Abyss:3)
  6 salamander mystics
  6 goliath frogs
  13 iron trolls
  3 spriggan druids
  A torturous demonspawn (Zot:4)
  41 deep trolls
  A skeletal warrior (D:14)
  2 flayed ghosts (Depths:2)
  3 bog bodies (Swamp:4)
  4 swamp dragons
  An infernal demonspawn (Depths:1)
  7 naga ritualists
  3 glowing orange brains
  2 shadow demons
  4 phantasmal warriors
  An anaconda skeleton (WizLab)
  4 deep elf archers
  2 spectral hydras
  12 orc knights
  2 glowing orange brains (shapeshifter)
  17 ironbound convokers
  8 lindwurms
  An obsidian statue (WizLab)
  8 wizards
  29 deep elf pyromancers
  A mana viper (shapeshifter) (Vaults:5)
  4 necromancers
  6 orc sorcerers
  3 oklob plants (Zot:4)
  4 mana vipers
  9 cyclopes
  45 ugly things
  24 deep elf zephyrmancers
  18 salamanders
  2 will-o-the-wisps
  A salamander (shapeshifter) (Depths:2)
  3 manticores
  9 elephants
  31 moths of wrath
  Maurice (D:8)
  3 worldbinders
  17 vault sentinels
  A guardian serpent (shapeshifter) (D:11)
  A rust devil (Depths:1)
  3 guardian serpents
  33 black mambas
  2 apocalypse crabs (Abyss:3)
  An eye of devastation (shapeshifter) (Elf:2)
  2 molten gargoyles (Volcano)
  An ice statue (IceCv)
  14 naga magi
  2 gargoyles
  A black mamba (shapeshifter) (Vaults:5)
  3 orange demons
  20 cane toads
  A hellion (Depths:1)
  2 rime drakes
  9 komodo dragons
  A demonspawn skeleton (WizLab)
  A kobold demonologist (D:12)
  2 efreet
  3 unseen horrors
  Psyche (D:11)
  7 yaktaurs
  7 tengu conjurers
  4 swamp worm zombies (Swamp:4)
  A troll (shapeshifter) (D:15)
  8 bloated husks
  12 polar bears (IceCv)
  A polar bear (shapeshifter) (D:12)
  2 ancient zymes
  A red devil (Depths:1)
  13 tyrant leeches
  5 hydra zombies (Swamp:4)
  3 meliai (D:15)
  10 hornets
  73 slime creatures
  5 alligator zombies (Swamp:4)
  10 trolls
  2 raiju (shapeshifter)
  39 blink frogs
  3 spectral swamp dragons (Swamp:4)
  12 dream sheep
  The ghost of Delamore the Sneak, an amateur OpBr (D:4)
  A water elemental (Elf:2)
  A centaur simulacrum (D:14)
  A redback (Vaults:3)
  13 spriggans
  A tarantella (Vaults:3)
  2 ynoxinuls
  An elf simulacrum (Vaults:2)
  12 wraiths
  57 yaks
  An air elemental (Elf:2)
  A large abomination (Abyss:3)
  11 wyverns
  A hog (Snake:2)
  A shadow (D:13)
  4 vampires
  5 fire elementals
  A hog (shapeshifter) (D:11)
  8 basilisks
  A chaos spawn (Depths:1)
  A steam dragon (D:9)
  15 vampire mosquitoes
  A steam dragon (shapeshifter) (Depths:4)
  Edmund (D:6)
  Menkaure (D:6)
  A warg (Orc:1)
  16 swamp worms
  49 nagas
  An acid dragon (D:9)
  20 water moccasins
  A hell hound (Depths:5)
  2 floating eyes
  A sky beast (shapeshifter) (D:15)
  A swamp drake (Swamp:2)
  48 orc warriors
  2 black bears
  A sky beast (D:6)
  5 necrophages
  An ogre (shapeshifter) (D:13)
  20 wolves
  A boggart (WizLab)
  2 swamp dragon zombies (Swamp:4)
  12 centaurs
  7 ogres
  8 phantoms
  A kobold brigand (D:9)
  A gnoll sergeant (Orc:1)
  17 bullfrogs
  A wyvern zombie (D:8)
  3 two-headed ogre simulacra (D:11)
  2 earth elementals
  A water moccasin zombie (D:5)
  8 scorpions
  2 small abominations (Abyss:3)
  9 wights
  5 howler monkeys
  5 electric eels (Lair:6)
  A lava snake (Volcano)
  8 centaur zombies
  2 bullfrog zombies
  2 quasits (Abyss:3)
  A hound (D:7)
  37 orc priests
  25 jellies
  4 iguanas
  A spectral swamp drake (Swamp:4)
  18 orc wizards
  2 troll simulacra (D:11)
  A killer bee zombie (D:8)
  A mummy (D:8)
  2 howler monkey zombies
  5 gnolls
  2 howler monkey skeletons (D:6)
  13 adders
  2 swamp drake zombies (Swamp:4)
  A shadow imp (D:7)
  2 white imps
  2 worms
  4 dart slugs
  105 orcs
  7 bats
  4 endoplasms
  4 giant cockroaches
  11 hobgoblins
  2 jackals (Sewer)
  3 quokkas
  10 ball pythons
  2 frilled lizards (D:2)
  9 goblins
  23 kobolds
  3 rats
  A pillar of salt (Zot:4)
  4 tentacles (Abyss:3)
2376 creatures vanquished.

Vanquished Creatures (collateral kills)
  A dread lich (Zot:5)
  Mennas (Vaults:5)
  A shadow dragon (Vaults:5)
  A draconian scorcher (Zot:5)
  Nergalle (Lair:1)
  A blink frog (Lair:6)
6 creatures vanquished.

Vanquished Creatures (others)
  A rakshasa (Depths:3)
  A tengu conjurer (Depths:3)
  3 bloated husks
  A polar bear (IceCv)
  A hornet (Swamp:3)
  A spriggan (Swamp:3)
  An orc priest (Orc:1)
  8 foxfires (Swamp:1)
  88 fungi
  4 pillars of salt
  104 plants
  2 starspawn tentacles (WizLab)
  3 tentacles (Abyss:3)
218 creatures vanquished.

Grand Total: 2600 creatures vanquished

Notes
Turn   | Place    | Note
-------+----------+-------------------------------------------
     0 | D:1      | AarnesTheHuman the Formicid Fighter began the quest for the
                  | Orb.
     0 | D:1      | Reached XP level 1. HP: 18/18 MP: 1/1
   149 | D:1      | Reached XP level 2. HP: 24/24 MP: 2/2
   569 | D:1      | Found a faded altar of an unknown god.
   748 | D:1      | Reached XP level 3. HP: 29/29 MP: 3/3
  1392 | D:2      | Reached XP level 4. HP: 25/37 MP: 4/4
  1955 | D:3      | Found an ancient bone altar of Kikubaaqudgha.
  2175 | D:3      | Found Avimyogy's Magic Scroll Shop.
  2180 | D:3      | Bought a scroll of identify for 26 gold pieces
  2599 | D:3      | Reached XP level 5. HP: 42/42 MP: 5/5
  2884 | D:4      | Identified a scroll of acquirement
  2884 | D:4      | Acquired the +8 autumn katana {vorpal, Clar}
  2884 | D:4      | Found the +8 autumn katana {vorpal, Clar}
  2913 | D:4      | Noticed Delamore's ghost (amateur OpBr)
  2914 | D:4      | Found a runed translucent door.
  2994 | D:4      | Found a stormy altar of Qazlal.
  3099 | D:4      | Noticed a phantom
  3104 | D:4      | Killed a phantom
  3105 | D:4      | Reached skill level 1 in Long Blades
  3105 | D:4      | Reached XP level 6. HP: 44/49 MP: 6/6
  3142 | D:4      | Noticed a necrophage
  3152 | D:4      | Killed a necrophage
  3153 | D:4      | Reached skill level 5 in Shields
  3562 | D:4      | Reached XP level 7. HP: 52/55 MP: 7/7
  3602 | D:4      | Reached skill level 5 in Fighting
  3604 | D:4      | Reached skill level 5 in Armour
  3732 | D:5      | Entered Level 5 of the Dungeon
  4243 | D:5      | Reached XP level 8. HP: 54/63 MP: 8/8
  4631 | D:5      | Found a staircase to the Ecumenical Temple.
  4786 | Temple   | Entered the Ecumenical Temple
  4963 | Temple   | Became a worshipper of Zin the Law-Giver
  4963 | Temple   | Reached * piety under Zin
  5034 | D:5      | Reached skill level 1 in Invocations
  5173 | D:6      | Found a glowing golden altar of the Shining One.
  5404 | D:6      | Reached XP level 9. HP: 71/71 MP: 11/11
  5404 | D:6      | Noticed Edmund
  5409 | D:6      | Killed Edmund
  5421 | D:6      | Noticed Menkaure
  5425 | D:6      | Killed Menkaure
  5491 | D:6      | Reached ** piety under Zin
  5631 | D:6      | Found a glowing drain.
  5644 | Sewer    | Entered a sewer
  6228 | D:7      | Reached skill level 5 in Long Blades
  6827 | D:8      | Noticed Maurice
  6844 | D:8      | Killed Maurice
  6859 | D:8      | Noticed Gastronok
  6895 | D:7      | Reached XP level 10. HP: 51/79 MP: 13/13
  7049 | D:8      | Killed Gastronok
  7422 | D:8      | Donated 160 gold pieces to Zin
  7441 | D:8      | Reached *** piety under Zin
  7676 | D:8      | Reached skill level 5 in Invocations
  7891 | D:9      | Reached XP level 11. HP: 72/86 MP: 13/15
  8114 | D:9      | Reached skill level 10 in Long Blades
  8529 | D:9      | Reached **** piety under Zin
  8645 | D:9      | Found a staircase to the Lair.
  8825 | D:10     | Entered Level 10 of the Dungeon
  8921 | D:10     | Found a blossoming altar of Fedhas.
  8936 | D:10     | Noticed a manticore
  8937 | D:10     | Found an iron altar of Okawaru.
  8946 | D:10     | Killed a manticore
  9025 | D:10     | Found a flagged portal.
  9042 | Bailey   | Entered a bailey
  9216 | Bailey   | Identified the ring "Uhiwailas" {rC+ SInv Stlth+}
  9224 | Bailey   | Reached ***** piety under Zin
  9247 | Bailey   | Reached ****** piety under Zin
  9252 | Bailey   | Noticed an orc knight
  9326 | Bailey   | Killed an orc knight
  9692 | D:10     | Found a staircase to the Orcish Mines.
 10507 | Lair:1   | Entered Level 1 of the Lair of Beasts
 10778 | Lair:1   | Reached skill level 10 in Fighting
 10778 | Lair:1   | Reached XP level 12. HP: 89/97 MP: 18/18
 10985 | Lair:1   | Noticed an eight-headed hydra
 11000 | Lair:1   | Killed a three-headed hydra
 11350 | Lair:2   | Noticed a five-headed hydra
 11357 | Lair:2   | Reached skill level 1 in Dodging
 11475 | D:9      | Killed a one-headed hydra
 11630 | Lair:2   | Noticed Nergalle
 11630 | Lair:2   | Noticed a four-headed hydra
 11640 | Lair:1   | Killed a one-headed hydra
 11643 | Lair:1   | Killed Nergalle
 11969 | Lair:2   | Reached skill level 10 in Shields
 11984 | Lair:2   | Found a staircase to the Snake Pit.
 12070 | Lair:2   | Noticed Urug
 12079 | Lair:2   | Killed Urug
 12529 | Lair:2   | Reached XP level 13. HP: 63/103 MP: 19/19
 13488 | Lair:3   | Found a staircase to the Swamp.
 14047 | Lair:4   | Noticed Rupert
 14065 | Lair:4   | Killed Rupert
 14066 | Lair:4   | Reached skill level 10 in Invocations
 14259 | Lair:4   | Noticed an eight-headed hydra
 14512 | Lair:4   | Killed a one-headed hydra
 15635 | Lair:5   | Noticed a five-headed hydra
 15637 | Lair:5   | Reached XP level 14. HP: 92/114 MP: 22/22
 16160 | Lair:5   | Identified the +1 chain mail of Monotheism {+Inv Fly MP+9
                  | Str+7}
 16663 | Lair:6   | Entered Level 6 of the Lair of Beasts
 17795 | Orc:1    | Entered Level 1 of the Orcish Mines
 18020 | Orc:1    | Reached skill level 15 in Shields
 18554 | Orc:2    | Entered Level 2 of the Orcish Mines
 18596 | Orc:2    | Found a dark tunnel.
 18615 | Volcano  | Entered a volcano
 18661 | Volcano  | Found a radiant altar of Vehumet.
 18664 | Volcano  | Reached XP level 15. HP: 120/123 MP: 24/24
 19165 | Orc:1    | Reached skill level 1 in Crossbows
 19222 | Orc:2    | Found a staircase to the Elven Halls.
 20304 | Orc:2    | Reached skill level 5 in Crossbows
 20876 | Orc:2    | Found Waasasih's Jewellery Emporium.
 20876 | Orc:2    | Found Qixocra's Jewellery Emporium.
 20877 | Orc:2    | Found Casoinua's Assorted Antiques.
 20877 | Orc:2    | Found Vyddoelo's Assorted Antiques.
 22040 | Lair:6   | Found a staircase to the Slime Pits.
 22966 | D:11     | Identified the ring of Wuotsyis {rElec rN+ Slay+4}
 23046 | D:11     | Found a frozen archway.
 23075 | IceCv    | Entered an ice cave
 23370 | IceCv    | Reached skill level 10 in Crossbows
 23460 | IceCv    | Reached XP level 16. HP: 131/131 MP: 25/25
 23670 | IceCv    | Noticed a frost giant
 23722 | IceCv    | Killed a frost giant
 24172 | IceCv    | Identified the +6 chain mail of the Cockroach {Str+2}
 24731 | D:11     | Noticed Sonja
 24735 | D:11     | Killed Sonja
 24840 | D:11     | Reached skill level 10 in Armour
 24994 | D:11     | Noticed Psyche
 25004 | D:11     | Killed Psyche
 25586 | D:12     | Found a portal to a secret trove of treasure.
 26035 | D:13     | Found the +2 cloak of the Thief {*Fog Slay-2 SInv Stlth+}
 26320 | D:13     | Found a gate to the Vaults.
 26496 | D:13     | Found Fiekhag's Mass Market.
 27665 | D:14     | Reached XP level 17. HP: 140/140 MP: 27/27
 27699 | D:14     | Identified the +5 whip of Resonant Subterfuge {venom, rCorr
                  | Dex+3}
 27996 | D:14     | Reached skill level 15 in Fighting
 28776 | D:15     | Entered Level 15 of the Dungeon
 28776 | D:15     | Noticed Josephine
 28783 | D:14     | Killed Josephine
 29319 | D:15     | Found a staircase to the Depths.
 29470 | D:15     | Found a snail-covered altar of Cheibriados.
 29472 | D:15     | Noticed Agnes
 29481 | D:15     | Killed Agnes
 29521 | D:15     | Found Urajy's General Store.
 29527 | D:15     | Bought a scroll of acquirement for 884 gold pieces
 29527 | D:15     | Acquired 915 gold pieces
 29529 | D:15     | Bought the +8 arbalest of the Sky {flame, Fly rPois rN+
                  | Str+3} for 1222 gold pieces
 30226 | Snake:1  | Entered Level 1 of the Snake Pit
 30532 | Snake:1  | Found Boskez's Book Shoppe.
 30532 | Snake:1  | Found Gojiyrre's Jewellery Boutique.
 30534 | Snake:1  | Found Meekhly's Book Shoppe.
 30891 | Snake:2  | Reached skill level 15 in Invocations
 31243 | Snake:2  | Noticed Kirke
 31327 | Swamp:1  | Entered Level 1 of the Swamp
 31876 | Swamp:1  | Reached XP level 18. HP: 118/149 MP: 29/29
 33616 | Swamp:4  | Entered Level 4 of the Swamp
 35328 | Swamp:4  | Noticed a bone dragon
 35350 | Swamp:4  | Killed a bone dragon
 35563 | Swamp:4  | Reached XP level 19. HP: 159/159 MP: 31/31
 36058 | Swamp:4  | Got a decaying rune of Zot
 36302 | Snake:2  | Found Avithru's Jewellery Boutique.
 36523 | Snake:2  | Noticed Vashnia
 36570 | Snake:2  | Killed Vashnia
 36744 | Snake:2  | Reached skill level 15 in Crossbows
 36842 | Snake:2  | Killed Kirke
 36991 | Snake:2  | Found a burning altar of Makhleb.
 37184 | Snake:2  | Identified the +4 scale mail "Miyff" {Str+3}
 38168 | Snake:3  | Noticed Jorgrun
 38187 | Snake:3  | Killed Jorgrun
 38388 | Snake:4  | Entered Level 4 of the Snake Pit
 39106 | Snake:3  | Reached XP level 20. HP: 147/168 MP: 32/32
 40131 | Snake:4  | Got a serpentine rune of Zot
 40482 | Vaults:1 | Entered Level 1 of the Vaults
 40711 | Vaults:1 | Noticed Aizul
 40724 | D:13     | Killed Aizul
 41004 | Vaults:1 | Found Seep's Book Shop.
 41967 | Vaults:1 | Reached XP level 21. HP: 177/177 MP: 33/33
 43553 | Vaults:2 | Reached skill level 5 in Dodging
 43671 | Vaults:2 | Found a staircase to the Crypt.
 43671 | Vaults:2 | Found an ancient bone altar of Kikubaaqudgha.
 43671 | Vaults:2 | Found a basalt altar of Yredelemnul.
 44483 | Vaults:3 | Noticed Saint Roka
 44523 | Vaults:3 | Killed Saint Roka
 45244 | Vaults:3 | Reached XP level 22. HP: 179/187 MP: 35/35
 46525 | Vaults:4 | Found Esazeum's General Store.
 47099 | Vaults:4 | Noticed Mara
 47127 | Vaults:4 | Killed Mara
 48365 | Vaults:4 | Found Esazeum's General Store.
 49198 | Elf:1    | Entered Level 1 of the Elven Halls
 49257 | Elf:1    | Found Hangasu's Book Boutique.
 49456 | Elf:1    | Got the Guide on Battle Magic
 50226 | Elf:2    | Reached XP level 23. HP: 194/194 MP: 36/36
 50232 | Elf:2    | Found a runed translucent gate.
 50233 | Elf:2    | Found a runed translucent gate.
 50233 | Elf:2    | Found a runed translucent gate.
 50292 | Elf:2    | Acquired the +11 great sword "Vaofiu" {freeze, rC+}
 50904 | Elf:2    | Reached skill level 15 in Armour
 51568 | Elf:2    | Reached skill level 15 in Long Blades
 51741 | Elf:3    | Entered Level 3 of the Elven Halls
 52018 | Elf:2    | Found Iho Yneu's Assorted Antiques.
 52687 | Elf:3    | Found Zeatop's Book Shoppe.
 53279 | Elf:1    | Bought a manual of Fighting for 1440 gold pieces
 53509 | Elf:3    | Identified the +4 rapier of Domination {drain, rF+ Dex+5}
 53509 | Elf:3    | Identified the +3 leather armour "Othremos" {rN+}
 53509 | Elf:3    | Identified the ring "Imociacw" {rElec rF++ Str-5 Int+6}
 53982 | Elf:3    | Identified the +6 flail "Ampas" {drain, Fly Int+4}
 53982 | Elf:3    | Identified the +0 robe of the Robin {Harm Rampage rElec
                  | rF-}
 54446 | Elf:3    | Identified the +7 chain mail of Beistrel {Will+ Int+4}
 54446 | Elf:3    | Identified the ring "Reifo" {Ice *Slow rCorr Slay+3}
 54825 | Elf:3    | Reached XP level 24. HP: 155/206 MP: 37/37
 55391 | Snake:1  | Bought a book of Frost for 330 gold pieces
 55395 | Snake:1  | Learned a level 3 spell: Frozen Ramparts
 55709 | Depths:1 | Entered Level 1 of the Depths
 55757 | Depths:1 | Reached skill level 1 in Spellcasting
 55757 | Depths:1 | Reached skill level 1 in Ice Magic
 55792 | Depths:1 | Found a one-way gate leading to the halls of Pandemonium.
 55855 | Depths:1 | Found a gateway to Hell.
 55866 | Depths:1 | Found a corrupted altar of Lugonu.
 55867 | Depths:1 | Found a one-way gate to the infinite horrors of the Abyss.
 55887 | Depths:1 | Found a magical portal.
 55895 | WizLab   | Entered The Roulette of Golubria
 55895 | WizLab   | Found a transporter.
 55898 | WizLab   | Found the +1 cloak of Starlight {*Dazzle EV+4 Stlth--}
 55898 | WizLab   | Found a corrupted altar of Lugonu.
 55979 | WizLab   | Found a transporter.
 56010 | WizLab   | Found a transporter.
 56029 | WizLab   | Found a transporter.
 56046 | WizLab   | Found a corrupted altar of Lugonu.
 56098 | WizLab   | Found a transporter.
 56105 | WizLab   | Found a transporter.
 56135 | WizLab   | Found a transporter.
 56316 | WizLab   | Found a transporter.
 56360 | WizLab   | Found a transporter.
 56398 | WizLab   | Found a transporter.
 56479 | WizLab   | Found a transporter.
 56567 | WizLab   | Found a transporter.
 56597 | WizLab   | Found a transporter.
 56664 | WizLab   | Found a transporter.
 56664 | WizLab   | Found a transporter.
 56698 | WizLab   | Found a transporter.
 56727 | WizLab   | Identified the +1 cloak "Itrion" {rN+ Str-3 Slay+2}
 56733 | WizLab   | Identified the -5 cloak of Lust {+Blink Int+3 Slay+3
                  | Stlth+}
 57049 | Depths:1 | Found a white marble altar of Elyvilon.
 57228 | Depths:1 | Found a broken altar of Ashenzari.
 57937 | D:3      | Bought a scroll of fog for 26 gold pieces
 57937 | D:3      | Bought a scroll of summoning for 123 gold pieces
 57937 | D:3      | Bought a scroll of magic mapping for 45 gold pieces
 58210 | D:12     | You paid a toll of 6 scrolls of fog to enter a treasure
                  | trove
 58211 | Trove    | Entered a treasure trove
 58215 | Trove    | Identified the amulet of Uhaorel {Spirit Harm +Blink rF+}
 58217 | Trove    | Identified the amulet of the Genius {Acrobat rN+ Int+2}
 58221 | Trove    | Identified the amulet of Duhurph {RegenMP Will- MP+9 Int+5}
 58230 | Trove    | Identified the ring "Fium Dej" {Fly rN++ MP+9 Dex-4 SInv}
 58232 | Trove    | Identified the ring "Bucwae Zufe" {Fly rPois rN+ Slay-2
                  | Stlth+}
 58234 | Trove    | Identified the amulet "Xug Geeg" {Acrobat rPois}
 58236 | Trove    | Identified the ring "Cyneas" {Wiz Int+4 Dex+2}
 58238 | Trove    | Identified the amulet of Zyfel {Reflect *Slow Str+7 SH+5
                  | SInv}
 58240 | Trove    | Identified the ring "Inyny" {Fire rN+ Str-5 Int+4 Stlth+}
 58568 | Depths:1 | Reached skill level 5 in Ice Magic
 59792 | Depths:2 | Noticed a golden dragon
 59822 | Depths:1 | Killed a golden dragon
 59933 | Depths:2 | Reached skill level 5 in Spellcasting
 60366 | Depths:2 | Reached XP level 25. HP: 185/219 MP: 32/37
 61952 | Depths:3 | Found a shimmering altar of Xom.
 61966 | Depths:3 | Found a shimmering altar of Xom.
 62042 | Depths:3 | Noticed Boris
 62081 | Depths:3 | Killed Boris
 62329 | Depths:3 | Identified the ring of Dolopur {rF+ rC- Int+3 SInv}
 63722 | Depths:3 | Reached XP level 26. HP: 229/229 MP: 38/38
 63915 | Depths:3 | Identified the +1 chain mail "Irysomint" {Will+ Dex+2}
 66491 | Depths:3 | Found a shimmering altar of Xom.
 66506 | Depths:3 | Found a shimmering altar of Xom.
 68383 | Depths:5 | Entered Level 5 of the Depths
 68567 | Depths:5 | Reached XP level 27. HP: 238/238 MP: 38/38
 68585 | Depths:5 | Found Uthiola's Book Shop.
 68620 | Depths:5 | Identified the ring of Virtue {Contam Fly rN+ Slay+2
                  | Stlth+}
 70142 | Depths:5 | Acquired a +2 double sword of holy wrath
 70175 | Depths:5 | Found a gateway to a ziggurat.
 70284 | Depths:5 | Found a gate to the Realm of Zot.
 70754 | Depths:5 | Found an ancient bone altar of Kikubaaqudgha.
 70795 | Depths:5 | Noticed a juggernaut
 70803 | Depths:5 | Killed a juggernaut
 70964 | Depths:5 | Found an ancient bone altar of Kikubaaqudgha.
 71010 | Depths:5 | Found Uthiola's Book Shop.
 71079 | Depths:5 | Found a gateway to a ziggurat.
 71246 | Depths:5 | Found a gate to the Realm of Zot.
 71761 | Vaults:5 | Entered Level 5 of the Vaults
 71765 | Vaults:5 | Noticed Bai Suzhen
 71783 | Vaults:4 | Reached skill level 1 in Evocations
 71945 | Vaults:5 | Cast into level 3 of the Abyss (vault guard)
 72052 | Abyss:3  | Got an abyssal rune of Zot
 72205 | Abyss:3  | Found a corrupted altar of Lugonu.
 72218 | Vaults:5 | Escaped the Abyss
 72310 | Vaults:3 | Reached skill level 10 in Ice Magic
 73144 | Vaults:4 | Killed Bai Suzhen
 73532 | Vaults:4 | Found Esazeum's General Store.
 74230 | Vaults:5 | Identified the +3 short sword "Apnet" {speed, rElec Str+2
                  | Int+4}
 75341 | Vaults:5 | Found Uteghej's Armour Boutique.
 75407 | Vaults:5 | Noticed Sojobo
 75425 | Vaults:5 | Killed Sojobo
 75888 | Vaults:5 | Identified the +2 rapier of Earthquakes {speed, *Rage Fly
                  | rF+ rC- Int+4}
 76035 | Vaults:5 | Noticed Mennas
 76048 | Vaults:5 | Killed Mennas
 76294 | Vaults:5 | Got a silver rune of Zot
 76404 | Vaults:5 | Noticed a dread lich
 76412 | Vaults:4 | Killed a dread lich
 76450 | Vaults:5 | Noticed an ancient lich
 77135 | Zot:1    | Entered Level 1 of the Realm of Zot
 78130 | Vaults:4 | Bought a scroll of enchant weapon for 105 gold pieces
 78130 | Vaults:4 | Bought a potion of heal wounds for 70 gold pieces
 78539 | Elf:2    | Bought a scroll of enchant weapon for 262 gold pieces
 83065 | Zot:2    | Found a transporter.
 83066 | Zot:2    | Noticed Afrirr's ghost (legendary DsFi)
 83066 | Zot:2    | Noticed a shard shrike
 83071 | Zot:2    | Noticed a shard shrike
 83079 | Zot:2    | Found a transporter.
 85067 | Zot:2    | Reached skill level 27 in Fighting
 86315 | Zot:3    | Noticed a Killer Klown
 86316 | Zot:3    | Noticed a juggernaut
 86316 | Zot:3    | a Killer Klown changed into a juggernaut
 86324 | Zot:3    | Killed a juggernaut
 88572 | Zot:4    | Found a runed translucent gate.
 88573 | Zot:4    | Found a runed translucent gate.
 88573 | Zot:4    | Found an opulent altar of Gozag.
 88575 | Zot:4    | Found a runed translucent gate.
 88752 | Zot:4    | Found Elenkeod's Assorted Antiques.
 88776 | Zot:4    | Noticed Efficiency's ghost (adept DDDe)
 89295 | Zot:4    | Identified the +2 kite shield "Kahiew Ymos" {rC+ rN+}
 90986 | Zot:4    | Found Vonuweadgh's Assorted Antiques.
 91078 | Zot:5    | Entered Level 5 of the Realm of Zot
 91396 | Zot:4    | Reached skill level 10 in Dodging
 94671 | Zot:5    | Reached skill level 27 in Invocations
 95097 | Zot:5    | Noticed a dread lich
 95108 | Zot:5    | Killed a dread lich
 95182 | Zot:5    | Noticed an ancient lich
 95192 | Zot:5    | Noticed a Killer Klown
 95194 | Zot:5    | Killed an ancient lich
 95208 | Zot:5    | Killed a Killer Klown
 95453 | Zot:5    | Noticed a Killer Klown
 95469 | Zot:5    | a Killer Klown changed into a golden dragon
 95832 | Zot:5    | Gained mutation: You are frail. (-10% HP) [mutagenic glow]
 95847 | Zot:5    | Gained mutation: Your magical capacity is low. (-10% MP)
                  | [mutagenic glow]
 96731 | Zot:5    | Donated 1222 gold pieces to Zin
 96917 | Zot:5    | Noticed a Killer Klown
 97778 | Zot:5    | Noticed an orb of fire
 97800 | Zot:5    | Killed an orb of fire
 97971 | Zot:5    | Noticed a Killer Klown
 97975 | Zot:5    | Killed a Killer Klown
 98776 | Zot:5    | Noticed an orb of fire
 98794 | Zot:5    | Killed an orb of fire
 98802 | Zot:5    | Noticed a dread lich
 99654 | Zot:5    | Killed a dread lich
100374 | Zot:5    | Killed a Killer Klown
100447 | Zot:5    | Noticed an orb of fire
100467 | Zot:5    | Killed an orb of fire
100707 | Zot:5    | Noticed an orb of fire
100730 | Zot:5    | Killed an orb of fire
101842 | Zot:5    | Noticed an ancient lich
101845 | Zot:5    | Noticed an orb of fire
101847 | Zot:5    | Noticed an ancient lich
101847 | Zot:5    | Noticed a dread lich
101853 | Zot:5    | Killed an ancient lich
101857 | Zot:5    | Killed an orb of fire
101859 | Zot:5    | Killed an ancient lich
101863 | Zot:5    | Killed a dread lich
101871 | Zot:5    | Noticed an ancient lich
101877 | Zot:5    | Killed an ancient lich
103850 | D:4      | Killed Delamore's ghost
104059 | D:1      | Donated 619 gold pieces to Zin
104671 | Zot:5    | Got the Orb of Zot
104677 | Zot:5    | Noticed Badiduor the pandemonium lord
104943 | Depths:1 | Noticed Haxaj the pandemonium lord
104987 | D:15     | Donated 309 gold pieces to Zin
105305 | D:$      | Escaped with the Orb!

Illustrated notes

Levels and vault maps discovered:
D:1:      dpeg_arrival_windows_large_door, layout_basic,
          chequers_ecumenical_altar_simple
D:2:      layout_basic
D:3:      layout_basic, marbit_many_paths, serial_shops, shop_fountains
D:4:      layout_basic, nicolae_qazlal_general_emergency,
          hellmonk_ghost_happy_afterlife, minmay_statues_item,
          grunt_ministairs_2
D:5:      layout_rooms, minmay_temple_entry_fiery, grunt_decor_clamped
D:6:      layout_cave_pools, cheibrodos_sewer_entry_bend, columned_hall_lemuel,
          grunt_decor_mini_mirrors, solitary_fountain, minmay_ruined_shrine,
          uniq_edmund, uniq_menkaure
D:7:      layout_loops_corners
D:8:      layout_rooms, serial_undead, serial_undead_f, serial_undead_f,
          serial_undead_d, serial_undead_b, serial_undead_a, serial_undead_b,
          serial_undead_e, corexii_corridor_pit, chequers_serial_rivers_room_b,
          chequers_garden, uniq_maurice, uniq_gastronok
D:9:      layout_irregular_city, grunt_lair_entry_orc_guard_hut
D:10:     layout_stronghold, mainiacjoe_overflow_catch_the_wave,
          hiddenorc2_lemuel, enter_bailey_4
D:11:     layout_irregular_city, portal_ice_cave_entry_ice_simulacra,
          minivault_16, hangedman_corner_corridor, uniq_sonja, uniq_psyche
D:12:     minmay_connected_triangles_in_corner, layout_stronghold,
          nicolae_trove_entry_crystal
D:13:     layout_stronghold, skrybe_vaults_entry_preservation, minmay_shop_mass
D:14:     kennysheep_room_grid, layout_loops_ring, grunt_ministairs_4
D:15:     grunt_enter_depths_snipers, layout_small_grid, serial_shops,
          nicolae_shop_temple_entry_statues_fountains, minmay_misc_feat_cross,
          grunt_ministairs_2, ebering_dispersal_statue_hall,
          kennysheep_slug_shrine, uniq_josephine, uniq_agnes
Temple:   regret_index_temple_mists
Lair:1:   layout_regular_city
Lair:2:   nzn_winding_woodlands_stair_cross [nzn_winding_woodlands_5x15_eye,
          nzn_winding_woodlands_center_diamonds,
          nzn_winding_woodlands_5x15_split_checker,
          nzn_winding_woodlands_5x5_checkerboard,
          nzn_winding_woodlands_5x5_default, nzn_winding_woodlands_5x15_default,
          nzn_winding_woodlands_center_lodge,
          nzn_winding_woodlands_5x15_pockets], layout_gridlike,
          guppyfry_snake_entry_garden, uniq_urug, uniq_nergalle
Lair:3:   layout_gridlike, swamp_mist, chequers_serial_rivers_small_3,
          grunt_megastairs_5
Lair:4:   layout_misc_corridors, cheibrodos_lair_reptile_den, uniq_rupert
Lair:5:   layout_small_grid, minivault_25, kennysheep_basilisk_garden,
          lemuel_fruit_fields
Lair:6:   minmay_lair_end_frog_pond, layout_loops_ring,
          minmay_slime_entry_pillars, serial_bayou_shore_a
Swamp:1:  layout_basic_swamp, nicolae_swamp_triple_paths, swamp_pool5,
          roderic_carrion_pond
Swamp:2:  layout_basic_swamp, nicolae_swamp_long_stream
Swamp:3:  layout_falls_marsh, evilmike_swamp_ruin_house_2
Swamp:4:  swamp_pestilence, layout_basic_swamp
Snake:1:  layout_grid_shapes, lemuel_fruit_tree, minmay_shop_grove
Snake:2:  layout_gridlike, basic_altar, serial_shops, shop_statue,
          serial_bayou_shore_b, uniq_kirke, uniq_vashnia
Snake:3:  layout_misc_corridors, nicolae_snake_gridmaze_squiggle,
          nicolae_snake_gridmaze_entwining, uniq_jorgrun
Snake:4:  johnstein_snake_rune_scales, layout_rooms
Orc:1:    layout_diamond_mine, nicolae_orc_tapped_out
Orc:2:    st_orc_pillars, layout_caves, nicolae_volcano_entry_lava_flow
Elf:1:    nicolae_elf_arrival_fired_up, layout_loops_cross, serial_shops, shop,
          minmay_elf_annihilation
Elf:2:    nicolae_elf_blades_crystal_corner, layout_gridlike, serial_shops,
          nicolae_stop_n_shop_1, grunt_ministairs_14
Elf:3:    minmay_elf_hall_curves, layout_loops_cross, serial_shops, shop
Vaults:1: v_pattern_1, vaults_room_door_hall, v_misc_31,
          hangedman_vaults_stretched_pinwheel, nicolae_vaults_mini_display_case,
          v_alt_pattern_5, vaults_room_corners, vaults_room_fancy_cross,
          nicolae_vaults_angled_halls, ontoclasm_vaults_twist,
          vaults_room_ringed_pool, layout_vaults_ring, serial_shops, shop,
          uniq_aizul
Vaults:2: ontoclasm_vaults_loading_screen, nicolae_vaults_angled_halls,
          ontoclasm_vaults_fault, hangedman_vaults_cutoff,
          minmay_crypt_entry_necro_gods, hangedman_vaults_capsules,
          hangedman_vaults_impose, nicolae_vaults_border_crossing,
          vaults_room_glass_cross, serial_ice_m, vaults_mumra_hex, v_misc_13,
          layout_vaults_omnigrid
Vaults:3: nicolae_vaults_big_angled_halls, nicolae_vaults_puzzle_piece,
          vaults_mumra_hexcomb, hangedman_vaults_unwind,
          dpeg_vaults_monster_box, vaults_room_corners, hangedman_vaults_trim,
          v_misc_24, v_misc_16, ontoclasm_vaults_claustrophobia,
          layout_vaults_maze_bifur, uniq_saint_roka
Vaults:4: grunt_vaults_swirl, v_misc_14, vaults_dpeg_spiral,
          ontoclasm_vaults_ring_square, vaults_dpeg_doors,
          nicolae_vaults_diagonal_hallway_7, grunt_vaults_hallway_short,
          vaults_mumra_chevron, nicolae_vaults_specimen_jars,
          ontoclasm_vaults_gateway, layout_vaults_chaotic_city, serial_shops,
          shop, uniq_mara
Vaults:5: uniq_xtahua, uniq_mennas, uniq_sojobo, uniq_bai_suzhen
Depths:1: layout_roguey, rand_demon_pan_entry_8, abyss_entry_flame_altar,
          elyvilon_altar_3, hell_entry, infiniplex_enter_wizlab_spiral,
          nicolae_ashenzari_panopticon
Depths:2: minmay_the_grid_3x2 [minmay_the_grid_outer_circle,
          minmay_the_grid_gridbox, minmay_the_grid_box_x,
          minmay_the_grid_minigrid_small_alt, minmay_the_grid_square_x,
          minmay_the_grid_prize_inner_circle], layout_small_grid,
          grunt_mini_vestibule, infiniplex_staircase_pillars_1
Depths:3: evilmike_diamond_1, layout_gridville, xom_redecorated, pan_entry,
          hell_entry, kennysheep_pointless_box, onia_ninara_cookie, uniq_boris
Depths:4: evilmike_diamond_2, layout_honeycomb, nicolae_sextant, hell_entry,
          abyss_entry, grunt_megastairs_4
Depths:5: grunt_zot_entry_alcove, layout_cave_pools, enter_ziggurat_c,
          nicolae_kikubaaqudgha_miasma_corner, serial_shops,
          nicolae_shop_behind_doors, hell_entry, infiniplex_staircase_pool_lava
Zot:1:    layout_basic
Zot:2:    layout_onion_interference, gammafunk_ghost_berserking_beasts,
          grunt_megastairs_1
Zot:3:    layout_gridlike, lemuel_golem_globe
Zot:4:    lemuel_acid_trip, layout_concentric_octagons, ebering_ghost_gozag,
          lemuel_baited_zot_trap
Zot:5:    layout_concentric_octagons, drop_trap, st_stairs_3

Skill      XL: |  1  2  3  4  5  6  7  8  9 10 11 12 13 14 15 16 17 18 19 20 21 22 23 24 25 26 27 |
---------------+----------------------------------------------------------------------------------+-----
Shields        | 4 5 6 7 8 9 11 12 15 | 15.0
Armour         | 4 5 6 7 9 11 12 13 14 15 22 | 22.1
Fighting       | 4 5 6 7 8 10 11 13 14 15 16 17 18 19 20 22 23 24 27 | 27.0
Long Blades    | 1 2 3 4 6 9 11 12 13 14 15 16 18 20 | 20.0
Invocations    | 2 4 5 8 10 12 14 15 16 17 18 20 22 27 | 27.0
Dodging        | 3 5 13 | 13.8
Crossbows      | 10 11 13 14 17 18 | 18.0
Spellcasting   | 5 6 |  6.0
Ice Magic      | 6 7 10 | 10.0
Evocations     | 3 |  3.0
Polearms       | |  2.9

Action                   |  1- 3 |  4- 6 |  7- 9 | 10-12 | 13-15 | 16-18 | 19-21 | 22-24 | 25-27 || total
-------------------------+-------+-------+-------+-------+-------+-------+-------+-------+-------++-------
Melee: Trident           |    97 |   119 |       |       |       |       |       |       |       ||   216
       Katana            |       |    24 |   124 |   408 |  1040 |   868 |   704 |   320 |       ||  3488
       Long sword        |       |       |       |    92 |    34 |    15 |       |       |       ||   141
       Great sword       |       |       |       |       |       |       |       |   392 |  1097 ||  1489
       Double sword      |       |       |       |       |       |       |       |       |    23 ||    23
 Fire: Arbalest          |       |       |       |       |   118 |   323 |   548 |   476 |  1568 ||  3033
Throw: Dart              |       |       |     4 |    13 |    11 |       |       |       |       ||    28
       Boomerang         |       |       |       |     3 |     2 |       |       |       |       ||     5
       Throwing net      |       |       |       |       |       |       |       |       |     1 ||     1
 Cast: Frozen Ramparts   |       |       |       |       |       |       |       |    15 |    65 ||    80
Invok: Donate Gold       |       |       |       |     2 |       |       |       |       |     5 ||     7
       Imprison          |       |       |       |     1 |       |       |       |     1 |     3 ||     5
       Recite            |       |       |       |     1 |     1 |     5 |     9 |    10 |    26 ||    52
       Vitalisation      |       |       |       |       |       |     2 |       |     1 |     2 ||     5
       Sanctuary         |       |       |       |       |       |       |       |       |     3 ||     3
 Abil: Dig               |       |       |     2 |     4 |     7 |     7 |     1 |     8 |    14 ||    43
Evoke: Wand              |       |       |       |    37 |     8 |     4 |     3 |       |       ||    52
       Phantom mirror    |       |       |       |     1 |     1 |       |       |       |     2 ||     4
       Tin of tremorston |       |       |       |       |       |       |       |       |     3 ||     3
  Use: Scroll            |       |     3 |    12 |     3 |     8 |     2 |     5 |     4 |    24 ||    61
       Potion            |       |       |       |     4 |     2 |       |     1 |     1 |     7 ||    15
 Stab: Sleeping          |       |       |       |       |     4 |       |       |       |       ||     4
       Confused          |       |       |       |       |       |     3 |     2 |     4 |     9 ||    18
       Distracted        |       |       |       |       |       |       |       |       |     3 ||     3
       Paralysed         |       |       |       |       |       |       |       |       |     1 ||     1
Armor: Scale mail        |    31 |    58 |    50 |    12 |       |       |       |       |       ||   151
       Chain mail        |       |       |       |   122 |    10 |       |       |    70 |    82 ||   284
       Ring mail         |       |       |       |       |    98 |       |       |       |       ||    98
       Plate armour      |       |       |       |       |    82 |   335 |   180 |   124 |       ||   721
       Gold dragon scale |       |       |       |       |       |       |       |       |   524 ||   524
Dodge: Dodged            |    25 |    51 |    38 |    85 |   162 |   176 |   114 |   132 |   304 ||  1087
Block: Kite shield       |    38 |    69 |    48 |       |       |       |       |       |       ||   155
       Tower shield      |       |       |    27 |   452 |   756 |   870 |   659 |   606 |  1447 ||  4817
       Reflection        |       |       |       |       |       |       |       |     7 |    61 ||    68
       Rpst.: Katana     |       |     4 |     5 |    11 |    30 |    30 |    27 |     8 |       ||   115
       Long sword        |       |       |       |     2 |       |       |       |       |       ||     2
       Great sword       |       |       |       |       |       |       |       |    21 |    31 ||    52
